 Dungeon Crawl Stone Soup version 0.17.0-28-g6e173f8 (webtiles) character file.

250 skk the Chopper (level 5, -5/46 HPs)
             Began as a Minotaur Gladiator on Nov 26, 2015.
             Slain by Zere the naga
             ... wielding a +3 vampiric long sword
             ... created by the player character
              (18 damage)
             ... on level 3 of the Dungeon.
             The game lasted 00:08:09 (1904 turns).

skk the Chopper (Minotaur Gladiator)                Turns: 1904, Time: 00:08:10

Health: -5/46      AC:  7    Str: 21    XL:     5   Next: 88%
Magic:  13/13      EV: 10    Int:  5    God:
Gold:   133        SH:  0    Dex: 10    Spells: 0 memorised, 4 levels left

rFire  . . .     SeeInvis .     c - +4 club
rCold  . . .     Clarity  .     b - +0 leather armour
rNeg   . . .     SustAt   .     (no shield)
rPois  .         Gourm    .     l - +2 hat
rElec  .         Spirit   .     (no cloak)
rCorr  +         Warding  .     j - +1 pair of gloves
rMut   .         Stasis   .     (no boots)
MR     .....                    t - amulet of resist corrosion
Stlth  +.........               r - ring of magical power
                                f - +4 ring of slaying

@: very slightly contaminated, hasted, constricted, very quick, not resistant to
hostile enchantments, very unstealthy
A: retaliatory headbutt, horns 2
a: no special abilities


You were on level 3 of the Dungeon.
You were not hungry.

You visited 1 branch of the dungeon, and saw 3 of its levels.

You collected 133 gold pieces.

Inventory:

Hand Weapons
 a - a +0 war axe
 c - a +4 club (weapon)
 i - a +0 halberd
 A - a +0 morningstar
Missiles
 d - 3 throwing nets (quivered)
Armour
 b - a +0 leather armour (worn)
 j - a +1 pair of gloves (worn)
 l - a +2 hat (worn)
Jewellery
 f - a +4 ring of slaying (left hand)
 r - a ring of magical power (right hand)
 t - an amulet of resist corrosion (around neck)
Scrolls
 m - a scroll of identify {unknown}
 o - a scroll of fog {unknown}
 q - 3 scrolls of random uselessness {unknown}
 s - a scroll of enchant weapon {unknown}
 v - a scroll of amnesia {unknown}
 y - a scroll of remove curse {unknown}
Potions
 k - a potion of ambrosia {unknown}
 p - a potion of cure mutation {unknown}
 u - 3 potions of curing
 w - a potion of degeneration {unknown}
 x - 2 potions of haste
 z - a potion of agility {unknown}
Miscellaneous
 B - a plain deck of changes {drawn: 2}
Comestibles
 e - 2 bread rations
 g - 2 beef jerkies
 h - 2 meat rations
 n - a slice of pizza


   Skills:
 + Level 3.7 Fighting
 + Level 5.4 Axes
 + Level 2.4 Throwing
 + Level 2.0 Armour
 + Level 4.9 Dodging


You had 4 spell levels left.
You didn't know any spells.

Dungeon Overview and Level Annotations

Branches:
Dungeon (3/15)

Altars:
Nemelex Xobeh
Yredelemnul


Innate Abilities, Weirdness & Mutations

You reflexively headbutt those who attack you in melee.
You have a pair of horns on your head.


Message History

Zere is moderately wounded.
You feel sick. Zere spits poison at you. The splash of poison misses you.
It was a potion of haste.
You feel yourself speed up. Zere closely misses you. You furiously retaliate!
You headbutt Zere! Zere grabs you. Zere constricts you.
You are very lightly contaminated with residual magic.
You barely miss Zere. You headbutt Zere.
Zere is severely wounded.
You hit Zere.
Zere is almost dead.
Zere spits poison at you. The splash of poison hits you!
You are more poisoned.
* * * LOW HITPOINT WARNING * * *
x2 Zere constricts you.
It was a potion of curing.
You feel better.
Zere hits you with a vampiric long sword!!
You die...

#..........# ▓▓▓▓▓▓▓ #..........#
▓⌠...⌠▓ #..........# ▓.....▓
#..........# ▓....©▓#####
#..........# ▓.....▓#...###
##..........##▓gZ..⌠▓#.....#
##......((....#▓▓▓▓▓▓▓#...#.## ##
.#'#####......#.N...§######..###.
.#.....'......'.@.._.# #.......
.#.###.####.###.....§# #.######
##.# #.####...#▓▓▓▓▓▓▓ #.#
.#)###.#.#..#.#▓⌠...⌠▓ #.#
.[.....#......#▓.....▓####.###
.#####'###....#▓..(.©▓#......# #
........#.....#▓.....▓####.#.## #
..............#▓⌠...⌠▓##[.....###
..............#▓▓▓▓▓▓▓#........##


You could see Zere the naga, a gnoll sergeant and a giant cockroach zombie.

Vanquished Creatures
  Ijyb (D:2)
  An orc wizard (D:3)
  2 hound skeletons (D:3)
  2 worker ant zombies (D:3)
  7 adders
  A gnoll (D:1)
  An ooze (D:1)
  An adder zombie (D:3)
  An adder skeleton (D:3)
  A worm (D:3)
  A giant gecko (D:3)
  3 orcs (D:3)
  6 goblins
  6 hobgoblins
  8 jackals
  2 bats (D:2)
  2 giant newts (D:2)
  12 kobolds
  5 rats
63 creatures vanquished.

Notes
Turn   | Place    | Note
--------------------------------------------------------------
     0 | D:1      | skk the Minotaur Gladiator began the quest for the Orb.
     0 | D:1      | Reached XP level 1. HP: 18/18 MP: 0/0
   116 | D:1      | Reached skill level 4 in Axes
   116 | D:1      | Reached XP level 2. HP: 25/25 MP: 1/1
   561 | D:1      | Reached XP level 3. HP: 30/30 MP: 2/2
   985 | D:2      | Found a basalt altar of Yredelemnul.
  1172 | D:3      | Noticed Ijyb
  1249 | D:2      | Reached XP level 4. HP: 29/37 MP: 3/3
  1258 | D:2      | Killed Ijyb
  1258 | D:2      | Reached skill level 1 in Armour
  1284 | D:3      | Reached skill level 5 in Axes
  1308 | D:3      | Reached XP level 5. HP: 28/45 MP: 4/4
  1872 | D:3      | Found a sparkling altar of Nemelex Xobeh.
  1872 | D:3      | Noticed a gnoll sergeant
  1896 | D:3      | Noticed Zere
  1904 | D:3      | Slain by Zere the naga

Action                   |  1- 3 |  4- 6 || total
-------------------------+-------+-------++-------
Melee: War axe           |    51 |    29 ||    80
       Club              |       |    43 ||    43
Evoke: Deck              |       |     2 ||     2
  Use: Potion            |       |     2 ||     2
  Eat: Chunk             |     1 |     2 ||     3
